 Dungeon Crawl Stone Soup version 0.28-a0-461-g2dc4ca5097 (webtiles) character file.

Game seed: 294340888947380432

9902 robertstho the Thaumaturge (level 11, -5/76 HPs)
             Began as a Djinni Fire Elementalist on Sept 13, 2021.
             Shot with an arrow by a centaur (10 damage)
             ... on level 10 of the Dungeon.
             The game lasted 00:17:13 (12557 turns).

robertstho the Thaumaturge (DjFE)                  Turns: 12557, Time: 00:17:14

Health: -5/76      AC:  7    Str:  7    XL:     11   Next: 83%
Gold:   426        EV: 13    Int: 20    God:
                   SH:  0    Dex: 14

rFire   + + +      SeeInvis .   F - +2 scimitar (flame)
rCold   x . .      Faith    .   (no shield)
rNeg    . . .      Spirit   .   q - +2 robe {rC+}
rPois   ∞          Reflect  .   (no helmet)
rElec   .          Harm     .   z - +1 cloak
rCorr   .          Rampage  .   t - +0 pair of gloves
Will    +....                   (boots unavailable)
Stlth   ++........              (no amulet)
HPRegen 0.22/turn               g - ring of fire
MPRegen 0.00/turn               p - ring of protection from fire

@: flying
A: sickness immunity, fire resistance 2, cold vulnerability 1, float, innate
caster, hp casting, extra vitality 1
a: no special abilities


You were on level 10 of the Dungeon.
You visited 2 branches of the dungeon, and saw 11 of its levels.

You collected 426 gold pieces.

Inventory:

Hand Weapons
 d - a +1 dagger of electrocution
 m - a +1 dagger of venom
 F - a +2 scimitar of flaming (weapon)
Armour
 a - +0 steam dragon scales
 h - a +0 leather armour of fire resistance
 q - a +2 robe of cold resistance (worn)
 t - a +0 pair of gloves (worn)
 z - a +1 cloak (worn)
Jewellery
 g - a ring of fire (left hand)
 p - a ring of protection from fire (right hand)
 A - a +6 ring of dexterity
Wands
 f - a wand of polymorph (3)
 s - a wand of digging (6)
 u - a wand of acid (25)
Scrolls
 c - a scroll of vulnerability
 e - 5 scrolls of magic mapping
 k - a scroll of brand weapon
 l - a scroll of fear {unknown}
 v - a scroll of summoning
 y - 2 scrolls of teleportation
 B - a scroll of blinking {unknown}
 C - a scroll of silence {unknown}
 D - a scroll of enchant armour {unknown}
 E - 2 scrolls of immolation
Potions
 b - a potion of mutation
 i - a potion of curing
 j - 3 potions of brilliance
 n - a potion of might
 o - a potion of lignification
 r - a potion of ambrosia
 w - a potion of flight {unknown}
 x - a potion of heal wounds {unknown}
Miscellaneous
 G - a lightning rod (3/4)
 H - a condenser vane


   Skills:
 * Level 6.0 Fighting
 + Level 1.8 Short Blades
 + Level 2.7 Armour
 + Level 3.8 Dodging
 + Level 3.2 Stealth
 * Level 12.1 Spellcasting


You had 7 spell levels left.
You knew the following spells:

 Your Spells              Type           Power      Damage    Failure   Level
a - Foxfire               Conj/Fire      100%       2x1d9     1%          1
b - Scorch                Fire           100%       2d10      1%          2
c - Conjure Flame         Conj/Fire      74%        6-21      1%          3
d - Inner Flame           Hex/Fire       74%        N/A       1%          3
e - Flame Wave            Conj/Fire      74%        3d13      1%          4
f - Shock                 Conj/Air       100%       1d9       1%          1
g - Slow                  Hex            57%        N/A       1%          2
h - Passwall              Tmut/Erth      47%        N/A       1%          2
i - Ice Form              Ice/Tmut       57%        N/A       1%          4
j - Alistair's Intoxicat  Tmut/Pois      38%        N/A       1%          5
Your spell library was empty.

Dungeon Overview and Level Annotations

Branches:
Dungeon (10/15)            Temple (1/1) D:4            Lair (0/6) D:9
    Orc (0/2) D:9

Altars:
Ashenzari
Cheibriados
Elyvilon
Fedhas
Hepliaklqana
Kikubaaqudgha
Makhleb
Nemelex Xobeh
Okawaru
Qazlal
Ru
Sif Muna
Trog
Uskayaw
Vehumet
Wu Jian
Xom
Yredelemnul
Zin
The Shining One

Shops:
D:5 [:

Annotations:
D:10 Harold


Innate Abilities, Weirdness & Mutations

You are immune to sickness and miasma.
You are immune to poison.
Your flesh is very heat resistant. (rF++)
You are vulnerable to cold. (rC-)
You float through the air rather than walking.
You learn spells naturally, not from books.
Your magical power is your life essence.
You have superior vitality. (+4 HP)


Message History

The arrow completely misses you.
The centaur shoots an arrow.
The arrow hits your kobold demonologist!
You feel better.
Harold seems less confused.
The centaur shoots an arrow.
The arrow completely misses you.
Harold throws a throwing net.
The throwing net hits your kobold.
Your kobold is caught in the net!
Your centaur warrior zombie hits the centaur.
Your centaur warrior zombie barely misses the centaur.
Your kobold demonologist closely misses the centaur.
Your kobold struggles against the net.
Casting: Scorch (safe; 1% risk of failure)
Confirm with . or Enter, or press ? or * to list all spells.
You feel a surge of power!
Flames lash Harold.
Harold completely resists.
* * * LOW HITPOINT WARNING * * *
The centaur shoots an arrow.
The arrow closely misses you. The arrow barely misses your kobold.
The arrow hits Harold.
Harold throws a throwing net.
The throwing net hits your kobold.
Your centaur warrior zombie closely misses the centaur.
Your centaur warrior zombie kicks the centaur but does no damage.
The centaur shoots an arrow.
The arrow hits you but does no damage.
Your kobold demonologist hits the centaur with a +0 dagger.
Your kobold hits the centaur but does no damage.
Casting: Scorch (safe; 1% risk of failure)
Confirm with . or Enter, or press ? or * to list all spells.
You feel a surge of power!
Flames lash the centaur.
The centaur is severely wounded.
The centaur's fire resistance burns away.
* * * LOW HITPOINT WARNING * * *
The centaur shoots an arrow.
The arrow barely misses you.
Your centaur warrior zombie hits the centaur.
Your centaur warrior zombie kicks the centaur.
The centaur shoots an arrow.
The arrow hits you!
* * * LOW HITPOINT WARNING * * *
Your kobold struggles against the net.
Harold fires a harpoon shot at you. The harpoon shot hits your kobold.
Your kobold dies!
Your kobold's corpse dissolves into shadows!
The centaur shoots an arrow.
The arrow hits you!
You die...

..>. . ... .
.##..######.
.<........##
####...#.....
.......#.##.#####
#####...#.#.Z....#
.......<..#c.@(.@#
.###...(.KKK..##......#
..(......K..#c# .####.#
...#.....####.# .#
.........# ..# .#
#......... #### .#
####.#..#. .# ...#..#..
.# .. +..


You could see Harold (strong, ally target), 2 centaurs, a friendly kobold
demonologist (summoned), a friendly kobold brigand (summoned), a friendly
centaur warrior zombie (summoned) and 2 friendly kobolds.

Vanquished Creatures
  Erica (D:9)
  4 two-headed ogres
  Joseph (D:7)
  Grinder (D:5)
  A hornet (D:7)
  Prince Ribbit (D:7)
  5 wyverns (D:9)
  Sigmund (D:6)
  3 yaks (D:9)
  2 steam dragons
  Eustachio (D:5)
  6 water moccasins
  4 orc warriors
  An ice beast (D:6)
  A sky beast (D:6)
  3 black bears
  3 necrophages
  3 ogres
  2 centaurs
  2 kobold brigands (D:8)
  A gnoll sergeant (D:8)
  3 bullfrogs
  4 scorpions
  A water moccasin skeleton (D:6)
  3 wights (D:7)
  2 centaur zombies
  3 hounds
  3 orc priests
  A centaur skeleton (D:7)
  6 jellies
  Crazy Yiuf (D:5)
  A bullfrog skeleton (D:6)
  5 iguanas
  8 orc wizards
  5 gnolls (D:8)
  A howler monkey skeleton (D:7)
  12 adders
  3 shadow imps
  An ufetubus (D:5)
  A dart slug (D:3)
  21 orcs
  7 endoplasms
  4 giant cockroaches
  13 goblins
  11 hobgoblins
  3 quokkas
  9 ball pythons
  10 bats
  2 frilled lizards
  11 kobolds
  A quokka skeleton (D:4)
  6 rats
209 creatures vanquished.

Vanquished Creatures (others)
  A kobold (D:8)
  807 foxfires
  3 fungi (D:9)
  7 plants (D:9)
818 creatures vanquished.

Grand Total: 1027 creatures vanquished

Notes
Turn   | Place    | Note
-------+----------+-------------------------------------------
     0 | D:1      | robertstho the Djinni Fire Elementalist began the quest for
                  | the Orb.
     0 | D:1      | Reached XP level 1. HP: 15/15 MP: 0/0
   138 | D:1      | You are sucked into a shaft and drop 1 floor!
   393 | D:2      | Reached XP level 2. HP: 17/21 MP: 0/0
   424 | D:2      | Reached skill level 3 in Spellcasting
   424 | D:2      | Reached XP level 3. HP: 14/26 MP: 0/0
   424 | D:2      | Learned a level 1 spell: Shock
   828 | D:2      | Found a faded altar of an unknown god.
  1003 | D:2      | Reached XP level 4. HP: 20/31 MP: 0/0
  1640 | D:1      | Reached skill level 1 in Fighting
  2090 | D:1      | Reached XP level 5. HP: 35/37 MP: 0/0
  2090 | D:1      | Learned a level 2 spell: Slow
  2320 | D:3      | Noticed a black bear
  2327 | D:3      | Killed a black bear
  2328 | D:3      | Reached skill level 4 in Spellcasting
  2425 | D:3      | Found a sacrificial altar of Ru.
  2430 | D:3      | Reached XP level 6. HP: 38/42 MP: 0/0
  2482 | D:3      | Found a hide-covered altar of Uskayaw.
  3518 | D:4      | Found a staircase to the Ecumenical Temple.
  3534 | D:4      | Reached skill level 5 in Spellcasting
  3541 | Temple   | Entered the Ecumenical Temple
  4506 | D:4      | Reached XP level 7. HP: 47/47 MP: 0/0
  4506 | D:4      | Learned a level 2 spell: Passwall
  4649 | D:5      | Entered Level 5 of the Dungeon
  4674 | D:5      | Found a shimmering altar of Xom.
  4970 | D:5      | Found Xyasuer's Book Shop.
  5050 | D:5      | Found Fiogoxte's Armour Shop.
  5362 | D:5      | Noticed Eustachio
  5409 | D:5      | Killed Eustachio
  5410 | D:5      | Reached skill level 6 in Spellcasting
  5410 | D:5      | Reached XP level 8. HP: 10/54 MP: 0/0
  5774 | D:5      | Found a runed translucent door.
  5775 | D:5      | Noticed Crazy Yiuf
  5810 | D:5      | Killed Crazy Yiuf
  5811 | D:5      | Reached skill level 1 in Short Blades
  6280 | D:5      | Noticed Grinder
  6291 | D:5      | Killed Grinder
  6292 | D:5      | Reached skill level 1 in Armour
  6292 | D:5      | Reached skill level 7 in Spellcasting
  6486 | D:6      | Noticed a two-headed ogre
  6497 | D:5      | Reached XP level 9. HP: 44/61 MP: 0/0
  6497 | D:5      | Learned a level 4 spell: Ice Form
  6802 | D:6      | Reached skill level 8 in Spellcasting
  7023 | D:6      | Noticed a two-headed ogre
  7357 | D:6      | Noticed Sigmund
  7365 | D:6      | Killed Sigmund
  8238 | D:5      | Reached XP level 10. HP: 13/69 MP: 0/0
  8583 | D:6      | Reached skill level 9 in Spellcasting
  8594 | D:6      | Killed a two-headed ogre
  8604 | D:6      | Killed a two-headed ogre
  8605 | D:6      | Reached skill level 10 in Spellcasting
  8906 | D:6      | Reached skill level 5 in Fighting
  9120 | D:7      | Noticed Prince Ribbit
  9125 | D:7      | Killed Prince Ribbit
  9182 | D:7      | Noticed Joseph
  9192 | D:7      | Killed Joseph
  9950 | D:8      | Reached XP level 11. HP: 70/76 MP: 0/0
  9950 | D:8      | Learned a level 5 spell: Alistair's Intoxication
 10153 | D:8      | Noticed a two-headed ogre
 10160 | D:8      | Killed a two-headed ogre
 10161 | D:8      | Reached skill level 11 in Spellcasting
 10431 | D:8      | Found an ornate altar of the Wu Jian Council.
 11208 | D:9      | Noticed a two-headed ogre
 11218 | D:9      | Killed a two-headed ogre
 11568 | D:9      | Found a staircase to the Lair.
 11818 | D:9      | Noticed Erica
 11835 | D:9      | Killed Erica
 11836 | D:9      | Reached skill level 12 in Spellcasting
 12190 | D:9      | Found a staircase to the Orcish Mines.
 12529 | D:10     | Entered Level 10 of the Dungeon
 12539 | D:10     | Noticed Harold
 12557 | D:10     | Shot with an arrow by a centaur

Illustrated notes

Levels and vault maps discovered:
D:1:      ebering_trefoil_3fold, layout_rooms, minmay_tetromino_t2
D:2:      layout_basic, hellmonk_ecumenical_altar_blasted,
          chequers_serial_rivers_micro_e, minmay_misc_feat_square
D:3:      layout_loops_corners, nicolae_ru_awakened_eye,
          nicolae_uskayaw_dance_hall
D:4:      layout_basic, minmay_temple_entry_glass
D:5:      layout_cave_pods, mainiacjoe_overflow_large_starburst, serial_shops,
          nicolae_diamond_shop, shop_fountains, uniq_grinder,
          uniq_crazy_yiuf_cottage, uniq_eustachio
D:6:      cheibrodos_fzero, layout_loops_ring, uniq_sigmund
D:7:      layout_cave_pools, uniq_joseph, uniq_prince_ribbit1
D:8:      layout_gridville, mainiacjoe_overflow_alcove_2
D:9:      layout_irregular_city, minmay_lair_entry_grove, uniq_erica
D:10:     layout_basic, grunt_gozag_breadcrumbs, lemuel_coloured_pillars_altar,
          uniq_snorg, uniq_harold
Temple:   eino_wide_crystal_templ

Skill      XL: |  1  2  3  4  5  6  7  8  9 10 11 |
---------------+----------------------------------+-----
Spellcasting   | 3 4 5 6 7 8 10 12 | 12.1
Fighting       | 1 2 3 4 5 6 |  6.0
Stealth        | 2 3 |  3.2
Short Blades   | 1 |  1.8
Dodging        | 3 |  3.8
Armour         | 1 2 |  2.7

Action                   |  1- 3 |  4- 6 |  7- 9 | 10-12 || total
-------------------------+-------+-------+-------+-------++-------
Melee: Short sword       |       |     7 |     1 |       ||     8
       Dagger            |       |       |    44 |       ||    44
 Cast: Foxfire           |    63 |   143 |   109 |   167 ||   482
       Scorch            |       |    13 |    66 |    14 ||    93
       Flame Wave        |       |       |     1 |    17 ||    18
       Alistair's Intoxi |       |       |       |     3 ||     3
Evoke: Lightning rod     |       |       |       |     1 ||     1
  Use: Potion            |       |     1 |     4 |     2 ||     7
       Scroll            |       |       |    10 |     4 ||    14
 Stab: Sleeping          |       |     1 |     1 |       ||     2
Armor: Robe              |       |    12 |    13 |     5 ||    30
       Leather armour    |       |       |     5 |       ||     5
Dodge: Dodged            |     1 |    18 |    64 |    34 ||   117

Table legend: (Time is in decaauts)
 A = Elapsed time spent in this place.
 B = Non-inter-level travel time spent in this place.
 C = Inter-level travel time spent in this place.
 D = Time resting spent in this place.
 E = Time spent auto-exploring this place.
 F = Levels seen in this place.
 G = Mean time per level.
                   A        B        C        D        E       F      G
               +--------+--------+--------+--------+--------+-----+--------+
         Total |  12567 |  11811 |    756 |   1466 |   8818 |  11 | 1142.5 |
       Dungeon |  12504 |  11759 |    745 |   1466 |   8779 |  10 | 1250.4 |
        Temple |     63 |     52 |     11 |      0 |     39 |   1 |   63.0 |
               +--------+--------+--------+--------+--------+-----+--------+

Top non-repeatable levels by time:
     D:5: 3020 daAuts
     D:6: 1494 daAuts
     D:2: 1397 daAuts
     D:4: 1291 daAuts
     D:9: 1237 daAuts
     D:8: 1176 daAuts
     D:3: 1074 daAuts
     D:1: 975 daAuts
     D:7: 808 daAuts
  Temple: 63 daAuts
    D:10: 27 daAuts
